AoeStats
← GNDS Beefcake

Arena

505362471Analyzed
1v1 RM · 23d ago on Sep 9, 2026· 40m 17s· 2 players
Game mode
Random Map
Map size
Tiny (2 player)
Population
200
Speed
Normal
Resources
Standard
Victory
Conquest
Starting age
Dark Age
Ending age
Imperial Age
RankedLock teamsTeams togetherTeam positionsShared explorationLock speedFull tech treeHidden civsTurbo modeCheats
Victory
Defeat
🇨🇴 Malians · Colombia
736
+17
🇺🇸 Japanese · United States
768
-39
GNDS Beefcake
3:27 Loom
14:29 Feudal Age
15:09 Double-Bit Axe
18:05 Wheelbarrow
18:07 Arson
17:44 Man-at-Arms
20:22 Loom
23:16 Stone Mining
23:45 Horse Collar
24:03 Fletching
24:13 Scale Mail Armor
24:14 Padded Archer Armor
24:25 Forging
24:55 Town Watch
28:30 Castle Age
31:37 Yasama
31:38 Long Swordsman
32:41 Chain Mail Armor
35:55 Heavy Plow
36:55 Elite Skirmisher
marioastroza
6:05 Loom
11:12 Feudal Age
19:32 Castle Age
17:41 Horse Collar
18:09 Double-Bit Axe
21:10 Town Watch
22:10 Squires
22:18 Fletching
22:37 Gold Mining
23:04 Husbandry
23:55 Crossbowman
26:12 Pikeman
28:40 Forging
29:07 Thumb Ring
29:27 Padded Archer Armor
30:43 Elite Skirmisher
35:08 Wheelbarrow
37:28 Imperial Age
35:39 Bodkin Arrow
36:26 Bow Saw
36:20 Heavy Plow
37:34 Ballistics
37:40 Leather Archer Armor
38:17 Gold Shaft Mining
37:32 Stone Mining
Connection lost

Rejoining the realm…

Still unreachable

The connection could not be restored.

Session expired

The server has moved on; the page needs a fresh start.